 Dungeon Crawl Stone Soup version 0.28.0-47-ge53b351184 (webtiles) character file.

Game seed: 17488410277035693514

36 101zpm the Magician (level 3, -1/31 HPs)
             Began as a Troll Hedge Wizard on Apr 28, 2022.
             Slain by Terence
             ... wielding a +0 mace
              (8 damage)
             ... on level 2 of the Dungeon.
             The game lasted 00:01:24 (1104 turns).

101zpm the Magician (Troll Hedge Wizard)            Turns: 1104, Time: 00:01:25

Health: -1/31      AC:  4    Str: 18    XL:     3   Next: 19%
Magic:  5/5        EV:  9    Int: 12    God:
Gold:   38         SH:  0    Dex:  9    Spells: 5/6 levels left

rFire   . . .      SeeInvis .   a - +0 dagger
rCold   . . .      Faith    .   (no shield)
rNeg    . . .      Spirit   .   b - +0 robe
rPois   .          Reflect  .   c - +0 hat
rElec   .          Harm     .   (no cloak)
rCorr   .          Rampage  .   (gloves unavailable)
Will    .....                   (boots unavailable)
Stlth   +.........              (no amulet)
HPRegen 0.90/turn               (no ring)
MPRegen 0.09/turn               (no ring)

@: no status effects
A: large, unfitting armour, claws 3, regeneration 1, shaggy fur 1, tough skin 1
a: no special abilities


You were on level 2 of the Dungeon.
You visited 1 branch of the dungeon, and saw 2 of its levels.

You collected 38 gold pieces.

Inventory:

Hand Weapons
 a - a +0 dagger (weapon)
Armour
 b - a +0 robe (worn)
 c - a +0 hat (worn)
Scrolls
 d - a scroll of noise {unknown}
 e - a scroll of fear {unknown}
 g - 3 scrolls of identify {unknown}
 i - a scroll of amnesia {unknown}
 j - a scroll of holy word {unknown}
Potions
 f - a potion of attraction {unknown}
 h - 2 potions of curing {unknown}


   Skills:
 + Level 0.1 Fighting
 + Level 0.4 Short Blades
 + Level 1.8 Dodging
 + Level 1.1 Stealth
 + Level 2.4 Spellcasting
 + Level 0.7 Conjurations
 + Level 0.6 Summonings
 + Level 0.6 Translocations


You had 5 spell levels left.
You knew the following spells:

 Your Spells              Type           Power      Damage    Failure   Level
a - Magic Dart            Conj           12%        1d3       19%         1

Your spell library contained the following spells:

 Spells                   Type           Power      Damage    Failure   Level
 Slow                     Hex            4%         N/A       26%         1
 Blink                    Tloc           4%         N/A       30%         2
 Call Imp                 Summ           2%         N/A       30%         2
 Conjure Flame            Conj/Fire      2%         6-21      54%         3
 Mephitic Cloud           Conj/Pois/Air  2%         N/A       56%         3


Dungeon Overview and Level Annotations

Branches:
Dungeon (2/15)

Altars:

Annotations:
D:2 Terence


Innate Abilities, Weirdness & Mutations

You are too large for most types of armour.
You have claws for hands.
Your natural rate of healing is unusually fast.
You are covered in fur. (AC +1)
You have tough skin. (AC +1)


Message History

Terence says, "You're history."
Terence hits you with a +0 mace!
You barely miss Terence. Terence closely misses you.
You barely miss Terence. Terence hits you with a +0 mace.
You are too injured to fight recklessly!
You are too injured to fight recklessly!
You are too injured to fight recklessly!
You are too injured to fight recklessly!
You are too injured to fight recklessly!
You are too injured to fight recklessly!
You are too injured to fight recklessly!
You are too injured to fight recklessly!
You are too injured to fight recklessly!
You are too injured to fight recklessly!
You are too injured to fight recklessly!
You are too injured to fight recklessly!
You are too injured to fight recklessly!
You are too injured to fight recklessly!
You are too injured to fight recklessly!
You hit Terence but do no damage. Terence hits you with a +0 mace.
You hit Terence but do no damage. Terence closely misses you.
You barely miss Terence. Terence barely misses you.
You hit Terence.
Terence is lightly wounded.
Terence hits you with a +0 mace.
* * * LOW HITPOINT WARNING * * *
You hit Terence but do no damage.
Terence is lightly wounded.
Terence hits you with a +0 mace.
* * * LOW HITPOINT WARNING * * *
You hit Terence but do no damage.
Terence is lightly wounded.
Terence barely misses you.
You closely miss Terence.
Terence is lightly wounded.
Terence barely misses you.
You hit Terence but do no damage.
Terence is lightly wounded.
Terence hits you with a +0 mace!
You die...

###..######).......
..................# .
..................#
................#####
....###+#.......#
....##......#+###
............+
....##...!..#
.......@....+
.......@....#
.......#+##.# ##.....
.# #..... .# #.....
....... .......


You could see Terence.

Vanquished Creatures
  An adder (D:2)
  2 ball pythons
  3 bats (D:1)
  4 endoplasms (D:1)
  5 goblins
  2 kobolds
  2 quokkas (D:1)
  2 frilled lizards (D:1)
  4 rats
25 creatures vanquished.

Notes
Turn   | Place    | Note
-------+----------+-------------------------------------------
     0 | D:1      | 101zpm the Troll Hedge Wizard began the quest for the Orb.
     0 | D:1      | Reached XP level 1. HP: 16/16 MP: 2/2
   119 | D:2      | Reached XP level 2. HP: 19/24 MP: 0/4
   415 | D:1      | Reached XP level 3. HP: 29/31 MP: 5/5
   438 | D:1      | Found a faded altar of an unknown god.
  1087 | D:2      | Noticed Terence
  1104 | D:2      | Slain by Terence

Illustrated notes

Levels and vault maps discovered:
D:1:      dpeg_arrival_rooms_c, layout_basic,
          shapermc_ecumenical_altar_notcrosses
D:2:      layout_basic, basic_altar, minmay_pentomino_t2, uniq_terence

Action                   || total
-------------------------++-------
Melee: Dagger            ||   146
       Punch             ||     3
 Cast: Magic Dart        ||     5
 Stab: Sleeping          ||     5
Armor: Robe              ||    39
Dodge: Dodged            ||    76
